 Dungeon Crawl Stone Soup version 0.29-a0-721-g7f417c9bbb (webtiles) character file.

Game seed: 2135360028419662793

739 blackman the Cleaver (level 8, -7/58 HPs)
             Began as a Human Delver on June 27, 2022.
             Killed from afar by an electric eel (16 damage)
             ... with a bolt of electricity
             ... on level 6 of the Dungeon.
             The game lasted 00:05:41 (2087 turns).

blackman the Cleaver (Human Delver)                 Turns: 2087, Time: 00:05:41

Health: -7/58      AC:  3    Str: 15    XL:     8   Next: 4%
Magic:  8/8        EV: 12    Int: 11    God:
Gold:   82         SH:  0    Dex: 14    Spells: 7/7 levels left

rFire   . . .      SeeInvis .   h - +2 flail (venom)
rCold   . . .      Faith    .   (no shield)
rNeg    . . .      Spirit   .   b - +0 leather armour
rPois   .          Reflect  .   (no helmet)
rElec   .          Harm     .   (no cloak)
rCorr   .          Rampage  .   (no gloves)
Will    .....                   (no boots)
Stlth   +++.......              (no amulet)
HPRegen 0.19/turn               (no ring)
MPRegen 0.11/turn               (no ring)

@: no status effects
A: no striking features
a: no special abilities


You were on level 6 of the Dungeon.
You visited 1 branch of the dungeon, and saw 3 of its levels.

You collected 82 gold pieces.

Inventory:

Hand Weapons
 a - a +0 hand axe
 h - a +2 flail of venom (weapon)
Missiles
 j - 6 poisoned darts (quivered)
Armour
 b - a +0 leather armour (worn)
Wands
 d - a wand of iceblast (1)
 g - a wand of digging (3)
 m - a wand of flame (19)
Scrolls
 e - a scroll of fear
 k - a scroll of identify {unknown}
Potions
 f - a potion of haste
 i - a potion of berserk rage {unknown}
 l - a potion of heal wounds {unknown}


   Skills:
 - Level 3.0 Fighting
 - Level 8.3(8.4) Axes
 * Level 1.8(5.5) Maces & Flails
 - Level 2.0 Dodging
 - Level 5.0 Stealth


You had 7 spell levels left.
You didn't know any spells.
Your spell library was empty.

Dungeon Overview and Level Annotations

Branches:
Dungeon (6/15)
 Temple: D:4-7

Altars:

Annotations:
D:6 1 transporter


Message History

The bolt of electricity hits you! The bolt of electricity misses you.
The bolt of electricity hits the plant!
The plant begins to die.
There is an open door here.
Aiming: Throw Flame
Press: ? - help, Shift-Dir - straight line, f - electric eel
Aim: an electric eel (48% to hit)
The puff of flame misses the electric eel.
The electric eel is engulfed in a cloud of scalding steam.
The electric eel shoots out a bolt of lightning at you!
The bolt of electricity hits you! x2; The bolt of electricity hits the plant!
The plant begins to die.
The electric eel shoots out a bolt of lightning at you!
The bolt of electricity hits you. The bolt of electricity misses you.
The bolt of electricity hits the plant!!
Aiming: Throw Flame
Press: ? - help, Shift-Dir - straight line, f/p - electric eel
Aim: an electric eel (steam, heavily wounded, 48% to hit)
The puff of flame hits the electric eel!
You kill the electric eel!
You have reached level 8!
You feel stronger.
Aiming: Throw Flame
Press: ? - help, Shift-Dir - straight line, f - electric eel
Aim: an electric eel (black smoke, 48% to hit)
The puff of flame hits the electric eel!
The electric eel is heavily wounded.
The electric eel shoots out a bolt of lightning at you!
The bolt of electricity hits you!
* * * LOW HITPOINT WARNING * * *
The bolt of electricity hits you.
* * * LOW HITPOINT WARNING * * *
The bolt of electricity hits the plant.
Aiming: Throw Flame
Press: ? - help, Shift-Dir - straight line, f/p - electric eel
Aim: an electric eel (heavily wounded, 48% to hit)
The puff of flame misses the electric eel.
The electric eel is engulfed in a cloud of scalding steam.
The electric eel shoots out a bolt of lightning at you!
The bolt of electricity hits you!
You die...

# #..<.........##.#
######...##.#..#..##.# ..
#............(.#..##.###.D..
............>..#..##........
#....................###....
####(###############.# .. #
##.#8P#≈≈≈≈§§§#P8#.##
##..#..#.....§§#§§#..## #
#).©#©!+...⌠..§@§§#5..#....
##...#..#...$..§#§§#.....#
.#...#8P#≈≈≈≈≈†S#P8#.###.#
.....###############.# ...
..#...................[ ##.
#.#.######...........###
...........#.#..##.#.#
.##.########.#.. #.#.#
....##### .. ..#(#


You could see an electric eel.

Vanquished Creatures
  Pikel (D:6)
  2 lemures (D:6)
  A phantom (D:6)
  A scorpion (D:6)
  2 electric eels (D:6)
  An orc wizard (D:4)
  An iguana (D:6)
  5 adders
  An ufetubus (D:5)
  4 orcs
  A ball python (D:4)
20 creatures vanquished.

Notes
Turn   | Place    | Note
-------+----------+-------------------------------------------
     0 | D:5      | blackman the Human Delver began the quest for the Orb.
     0 | D:5      | Reached XP level 1. HP: 18/18 MP: 1/1
    97 | D:5      | Noticed an orc wizard
   102 | D:4      | Killed an orc wizard
   103 | D:4      | Reached skill level 3 in Axes
   103 | D:4      | Reached XP level 2. HP: 12/24 MP: 2/2
   103 | D:4      | Reached XP level 3. HP: 14/29 MP: 3/3
  1024 | D:5      | Reached skill level 4 in Axes
  1024 | D:5      | Reached XP level 4. HP: 22/35 MP: 4/4
  1117 | D:5      | Noticed a black bear
  1461 | D:6      | Found a transporter.
  1595 | D:6      | Noticed a lemure
  1595 | D:6      | Noticed a lemure
  1596 | D:6      | Noticed Pikel
  1596 | D:6      | Noticed a lemure
  1599 | D:6      | Noticed a lemure
  1601 | D:6      | Killed a lemure
  1603 | D:6      | Killed a lemure
  1603 | D:6      | Killed Pikel
  1604 | D:6      | Reached skill level 7 in Axes
  1604 | D:6      | Reached XP level 5. HP: 41/41 MP: 5/5
  1604 | D:6      | Reached XP level 6. HP: 47/47 MP: 6/6
  1604 | D:6      | Reached XP level 7. HP: 52/52 MP: 7/7
  1820 | D:6      | Reached skill level 8 in Axes
  2052 | D:6      | Found a transporter.
  2068 | D:6      | Noticed a steam dragon
  2082 | D:6      | Reached skill level 1 in Maces & Flails
  2086 | D:6      | Reached XP level 8. HP: 22/58 MP: 8/8
  2087 | D:6      | Killed from afar by an electric eel

Illustrated notes

Levels and vault maps discovered:
D:4:      layout_cave_pods, minmay_temple_entry_grid
D:5:      layout_rooms, gammafunk_ghost_mausoleum, grunt_ministairs_15
D:6:      gammafunk_steamed_eel, layout_loops_cross, minivault_19, uniq_pikel

Skill      XL: |  1  2  3  4  5  6  7 |
---------------+----------------------+-----
Axes           | 3 4 7 8 |  8.3
Maces & Flails | 1 |  1.8
Fighting       | |  3.0
Dodging        | |  2.0
Stealth        | |  5.0

Action                   |  1- 3 |  4- 6 |  7- 9 || total
-------------------------+-------+-------+-------++-------
Melee: Hand axe          |    37 |       |       ||    37
       Punch             |     2 |     1 |       ||     3
       Flail             |       |    17 |    19 ||    36
Evoke: Wand              |     3 |     5 |     6 ||    14
  Use: Scroll            |     1 |       |     1 ||     2
 Stab: Sleeping          |     3 |       |     1 ||     4
Armor: Leather armour    |    10 |     5 |     3 ||    18
Dodge: Dodged            |    28 |    26 |    10 ||    64

Table legend: (Time is in decaauts)
 A = Elapsed time spent in this place.
 B = Non-inter-level travel time spent in this place.
 C = Inter-level travel time spent in this place.
 D = Time resting spent in this place.
 E = Time spent auto-exploring this place.
 F = Levels seen in this place.
 G = Mean time per level.
                   A        B        C        D        E       F      G
               +--------+--------+--------+--------+--------+-----+--------+
         Total |   2101 |   2036 |     65 |   1325 |    435 |   3 |  700.3 |
       Dungeon |   2101 |   2036 |     65 |   1325 |    435 |   3 |  700.3 |
               +--------+--------+--------+--------+--------+-----+--------+

Top non-repeatable levels by time:
     D:4: 1307 daAuts
     D:6: 651 daAuts
     D:5: 142 daAuts
